 Dungeon Crawl Stone Soup version 0.28-a0-863-g8cecda6153 (webtiles) character file.

Game seed: 12873380255414159436

480 Lugonue the Skirmisher (level 7, 0/52 HPs)
             Began as an Octopode Wanderer on Nov 19, 2021.
             Was a Believer of Fedhas.
             Splashed by a jelly's acid (1 damage)
             ... on level 7 of the Dungeon.
             The game lasted 00:08:15 (3264 turns).

Lugonue the Skirmisher (Octopode Wanderer)          Turns: 3264, Time: 00:08:16

Health: 0/52       AC: -7    Str: 11    XL:     7   Next: 12%
Magic:  8/8        EV: 13    Int: 12    God:    Fedhas [**....]
Gold:   213        SH:  0    Dex: 16    Spells: 6/7 levels left

rFire   + . .      SeeInvis .   a - +2 quarterstaff
rCold   . . .      Faith    .   (shield currently unavailable)
rNeg    . . .      Spirit   .   (helmet restricted)
rPois   .          Reflect  .   (no amulet)
rElec   .          Harm     .   e - ring of protection from fire
rCorr   .          Rampage  .   (no ring)
Will    .....                   (no ring)
Stlth   ++++......              (no ring)
HPRegen 0.17/turn               (no ring)
MPRegen 0.11/turn               (no ring)
                                (no ring)
                                (no ring)

@: corroded
A: almost no armour, amphibious, 8 rings, camouflage 1, gelatinous body 1,
(nimble swimmer 1), tentacles
a: Renounce Religion, Wall of Briars


You were on level 7 of the Dungeon.
You worshipped Fedhas.
Fedhas was pleased with you.
You visited 1 branch of the dungeon, and saw 5 of its levels.

You collected 213 gold pieces.

Inventory:

Hand Weapons
 a - a +2 quarterstaff (weapon)
Missiles
 k - 6 javelins (quivered)
Jewellery
 e - a ring of protection from fire (left tentacle)
 p - a ring of protection from cold
Wands
 j - a wand of mindburst (14)
Scrolls
 m - a scroll of identify
 n - a scroll of blinking {unknown}
 o - a scroll of enchant armour {unknown}
Potions
 b - 2 potions of curing
 d - 2 potions of mutation
 f - a potion of magic {unknown}
 g - a potion of cancellation {unknown}
 h - a potion of degeneration {unknown}
 i - a potion of invisibility {unknown}
 l - a potion of brilliance {unknown}


   Skills:
 + Level 6.0 Fighting
 + Level 1.0 Short Blades
 + Level 4.7 Staves
 + Level 0.6 Throwing
 + Level 1.1 Dodging
 + Level 5.3 Stealth
 + Level 1.0 Shields
 + Level 0.9 Spellcasting
 + Level 0.5 Conjurations
 + Level 0.6 Fire Magic


You had 6 spell levels left.
You knew the following spells:

 Your Spells              Type           Power      Damage    Failure   Level
a - Foxfire               Conj/Fire      8%         2x1d4     24%         1

Your spell library contained the following spells:

 Spells                   Type           Power      Damage    Failure   Level
 Conjure Flame            Conj/Fire      2%         6-21      56%         3
 Inner Flame              Hex/Fire       1%         N/A       61%         3
 Flame Wave               Conj/Fire      2%         3d3       93%         4


Dungeon Overview and Level Annotations

Branches:
Dungeon (4/15)
 Temple: D:4-7

Altars:
Dithmenos
Fedhas
Qazlal


Innate Abilities, Weirdness & Mutations

You cannot wear most types of armour.
You are amphibious.
You can wear up to eight rings at the same time.
Your skin changes colour to match your surroundings (Stealth+).
Your rubbery body absorbs attacks. (AC +1, EV +1)
((You are camouflaged near water. (Stealth+)))
You have tentacles for arms and can constrict up to eight enemies at once.


Message History

A black bear comes into view.
Found 2 gold pieces.
You see here 8 gold pieces.
You see here 8 gold pieces.
You now have 213 gold pieces (gained 8).
The jelly quivers.
You completely miss the jelly. You squeeze the jelly.
The jelly is lightly wounded.
The jelly hits you. The acid corrodes you!
You are splashed with acid.
You hit the jelly but do no damage. The acid corrodes you!
Your tentacles burn!
The jelly is lightly wounded.
The jelly hits you.
You are splashed with acid.
You hit the jelly but do no damage.
Your tentacles burn!
You squeeze the jelly, but do no damage.
The jelly is lightly wounded.
The jelly misses you.
You hit the jelly but do no damage.
Your tentacles burn!
You squeeze the jelly!
The jelly is severely wounded.
The jelly barely misses you.
You hit the jelly but do no damage.
Your tentacles burn!
You squeeze the jelly, but do no damage.
The jelly is severely wounded.
The jelly hits you.
You are splashed with acid.
* * * LOW HITPOINT WARNING * * *
You barely miss the jelly. You squeeze the jelly.
The jelly is almost dead.
The jelly hits you.
* * * LOW HITPOINT WARNING * * *
You are splashed with acid!
* * * LOW HITPOINT WARNING * * *
Okay, then.
Unknown command.
You hit the jelly but do no damage.
Your tentacles burn!
* * * LOW HITPOINT WARNING * * *
You squeeze the jelly, but do no damage.
The jelly is almost dead.
The jelly closely misses you.
You hit the jelly.
Your tentacles burn!
You die...
Fedhas appreciates your contribution to the ecosystem.

...... ....y.. ..........
#.........### ..
#...........# ...
#........$..##.... .#
###....... #........ ...
#.......####........
Z...##.##......@J!.......
#..............#........
#.......#.....##....[...
####...##.....>#.......#
##..................#
##(#...##.........##
#####...#.......... ... ..
###..##..............#..# h..
#.............##.....#..#$[..


You could see a jelly.

Vanquished Creatures
  A water moccasin (D:7)
  A black bear (D:7)
  2 kobold brigands (D:7)
  Ijyb (D:3)
  2 iguanas
  An adder (D:3)
  3 dart slugs
  An orc (D:4)
  A ball python (D:1)
  3 bats
  3 endoplasms
  2 giant cockroaches (D:2)
  8 goblins
  7 hobgoblins
  3 quokkas
  4 frilled lizards
  5 kobolds
  6 rats
54 creatures vanquished.

Vanquished Creatures (others)
  10 foxfires (D:4)
10 creatures vanquished.

Grand Total: 64 creatures vanquished

Notes
Turn   | Place    | Note
-------+----------+-------------------------------------------
     0 | D:1      | Lugonue the Octopode Wanderer began the quest for the Orb.
     0 | D:1      | Lugonue set off with the following items: a +2
                  | quarterstaff, a potion of curing, a scroll of teleportation
     0 | D:1      | Reached XP level 1. HP: 18/18 MP: 1/1
   270 | D:1      | Reached XP level 2. HP: 12/24 MP: 2/2
  1093 | D:2      | Reached XP level 3. HP: 25/30 MP: 3/3
  1433 | D:2      | Found a faded altar of an unknown god.
  1558 | D:2      | Prayed at the altar of an unknown god.
  1558 | D:2      | Became a worshipper of Fedhas Madash
  1558 | D:2      | Reached * piety under Fedhas
  2049 | D:3      | Found a shadowy altar of Dithmenos.
  2252 | D:3      | Noticed Ijyb
  2261 | D:3      | Killed Ijyb
  2262 | D:3      | Reached XP level 4. HP: 26/36 MP: 4/4
  2834 | D:4      | Learned a level 1 spell: Foxfire
  2905 | D:4      | Reached XP level 5. HP: 41/41 MP: 1/5
  2922 | D:4      | You fall into a shaft and drop 3 floors!
  2933 | D:7      | Noticed a water moccasin
  2942 | D:7      | Noticed a black bear
  3002 | D:7      | Noticed a kobold brigand
  3002 | D:7      | Noticed a kobold brigand
  3028 | D:7      | Killed a kobold brigand
  3059 | D:7      | Found a stormy altar of Qazlal.
  3060 | D:7      | Noticed a water elemental
  3065 | D:7      | Killed a black bear
  3066 | D:7      | Reached skill level 6 in Fighting
  3066 | D:7      | Reached skill level 1 in Dodging
  3066 | D:7      | Reached XP level 6. HP: 35/46 MP: 6/6
  3070 | D:7      | Reached ** piety under Fedhas
  3071 | D:7      | Reached skill level 5 in Stealth
  3073 | D:7      | Noticed a fire elemental
  3073 | D:7      | Noticed an air elemental
  3174 | D:7      | Noticed an orc warrior
  3190 | D:7      | Killed a water moccasin
  3191 | D:7      | Reached XP level 7. HP: 43/52 MP: 8/8
  3263 | D:7      | HP: 1/52 [acid (2)]
  3264 | D:7      | Splashed by a jelly's acid

Illustrated notes

Levels and vault maps discovered:
D:1:      dpeg_arrival_rhombus, layout_basic, minmay_small_reverse_x
D:2:      layout_basic, basic_ecumenical_altar
D:3:      layout_loops_ring, nicolae_dithmenos_the_darkroom,
          nicolae_underground_beach, uniq_ijyb
D:4:      layout_loops_ring
D:7:      layout_cave_pools, nicolae_qazlal_style_of_elements,
          minmay_unpleasant_kobolds

Skill      XL: |  1  2  3  4  5  6 |
---------------+-------------------+-----
Stealth        | 2 3 4 5 |  5.3
Staves         | 3 4 |  4.7
Fighting       | 6 |  6.0
Dodging        | 1 |  1.1
Short Blades   | |  1.0
Throwing       | |  0.6
Shields        | |  1.0
Spellcasting   | |  0.9
Conjurations   | |  0.5
Fire Magic     | |  0.6

Action                   |  1- 3 |  4- 6 |  7- 9 || total
-------------------------+-------+-------+-------++-------
Melee: Quarterstaff      |    65 |    42 |    11 ||   118
       Constrict         |    24 |    12 |       ||    36
       Tentacles         |    15 |    11 |     6 ||    32
Throw: Javelin           |       |     3 |       ||     3
 Cast: Foxfire           |       |     5 |       ||     5
  Use: Scroll            |     3 |       |     1 ||     4
 Stab: Sleeping          |     6 |     3 |       ||     9
Armor: Skin              |     5 |     7 |       ||    12
Dodge: Dodged            |    28 |    25 |     4 ||    57

Table legend: (Time is in decaauts)
 A = Elapsed time spent in this place.
 B = Non-inter-level travel time spent in this place.
 C = Inter-level travel time spent in this place.
 D = Time resting spent in this place.
 E = Time spent auto-exploring this place.
 F = Levels seen in this place.
 G = Mean time per level.
                   A        B        C        D        E       F      G
               +--------+--------+--------+--------+--------+-----+--------+
         Total |   3282 |   3187 |     95 |    338 |   2091 |   5 |  656.4 |
       Dungeon |   3282 |   3187 |     95 |    338 |   2091 |   5 |  656.4 |
               +--------+--------+--------+--------+--------+-----+--------+

Top non-repeatable levels by time:
     D:1: 1058 daAuts
     D:2: 981 daAuts
     D:3: 776 daAuts
     D:7: 345 daAuts
     D:4: 119 daAuts
